 Dungeon Crawl Stone Soup version 0.17.1-3-g152610e (webtiles) character file.

782562 Sinop the Merry Centaur (level 27, -10/264 HPs)
             Began as a Centaur Hunter on Mar 18, 2016.
             Was the Champion of the Shining One.
             Mangled by an acid blob (11 damage)
             ... created by the royal jelly
             ... on level 6 of the Pits of Slime on Apr 12, 2016.
             The game lasted 18:36:18 (132727 turns).

Sinop the Merry Centaur (Centaur Hunter)          Turns: 132727, Time: 18:36:19

Health: -10/264    AC: 14    Str: 19    XL:     27
Magic:  0/39       EV: 11    Int: 23    God:    the Shining One [******]
Gold:   4191       SH:  0    Dex: 13    Spells: 7 memorised, 37 levels left

rFire  + + .     SeeInvis .     a - +9 longbow (holy)
rCold  . . .     Clarity  .     U - +8 fire dragon armour
rNeg   + + +     SustAt   +     (shield currently unavailable)
rPois  +         Gourm    .     Z - +2 hat of the Bear Spirit {Spirit, +Rage rN+ MR++}
rElec  .         Spirit   +     N - +2 cloak {rPois}
rCorr  +         Warding  .     Y - +1 pair of gloves {archery}
rMut   .         Stasis   .     g - +2 centaur barding of Wrong Decisions {MR+ Regen+}
MR     +++++                    w - amulet of resist corrosion
Stlth  ..........               J - ring "Kuppiotu" {SustAt Int+7}
                                V - ring "Humnaedi" {rC+ Int+4}

@: about to teleport, corroded equipment, glowing, repel missiles, very quick,
almost entirely resistant to hostile enchantments, extremely unstealthy
A: hooves 3, clumsy 2, deformed body, deterioration 2, speed 2, screaming 1,
tough skin 3
a: Divine Shield, Cleansing Flame, Summon Divine Warrior, Renounce Religion,
Evoke Berserk Rage
}: 4/15 runes: serpentine, barnacled, silver, abyssal


You were on level 6 of the Pits of Slime.
You worshipped the Shining One.
The Shining One was exalted by your worship.
You were not hungry.

You visited 13 branches of the dungeon, and saw 64 of its levels.
You visited the Abyss 9 times.
You also visited: Ossuary and Volcano.

You collected 9022 gold pieces.
You spent 4831 gold pieces at shops.

Inventory:

Hand Weapons
 a - a +9 longbow of holy wrath (weapon)
Missiles
 h - 18 arrows of dispersal
 y - 57 arrows of frost
 L - 171 arrows (quivered)
Armour
 g - the +2 centaur barding of Wrong Decisions (worn) {MR+ Regen+}
   (Okawaru gifted it to you on level 2 of the Depths)

   It affects your resistance to hostile enchantments.
   It increases your rate of regeneration.
 N - a +2 cloak of poison resistance (worn)
 U - a +8 fire dragon armour (worn)
 Y - a +1 pair of gloves of archery (worn)
 Z - the +2 hat of the Bear Spirit (worn) {Spirit, +Rage rN+ MR++}
   (You bought it in a shop on level 2 of the Shoals)

   It protects you from negative energy.
   It affects your resistance to hostile enchantments.
   It lets you go berserk.
Jewellery
 w - an amulet of resist corrosion (around neck)
 G - an uncursed amulet of regeneration
 J - the ring "Kuppiotu" (right hand) {SustAt Int+7}
   (You took it off a deep elf sorcerer on level 3 of the Elven Halls)

   [ring of sustain attributes]

   It sustains your strength, intelligence and dexterity.
   It affects your intelligence (+7).
 T - an uncursed amulet of resist mutation
 V - the ring "Humnaedi" (left hand) {rC+ Int+4}
   (You bought it in a shop on level 14 of the Dungeon)

   [ring of protection from cold]

   It affects your intelligence (+4).
   It protects you from cold.
Wands
 r - a wand of digging (16)
 t - a wand of hasting (2)
 Q - a wand of lightning (6)
Scrolls
 d - 4 scrolls of holy word
 m - a scroll of enchant armour
 q - 13 scrolls of recharging
 x - 8 scrolls of amnesia
 A - 24 scrolls of identify
 D - a scroll of silence
 E - 12 scrolls of remove curse
 H - 4 scrolls of magic mapping
 O - 7 scrolls of fog
 S - 3 scrolls of fear
 W - 7 scrolls of teleportation
Potions
 b - 5 potions of cancellation
 f - 7 potions of magic
 i - 7 potions of brilliance
 j - 3 potions of cure mutation
 n - 15 potions of curing
 o - 2 potions of berserk rage
 u - 4 potions of resistance
 z - 2 potions of haste
 B - 2 potions of mutation
 K - 3 potions of flight
 P - 8 potions of agility
Comestibles
 e - 36 bread rations
 s - 24 meat rations
 F - 3 royal jellies


   Skills:
 + Level 24.5 Fighting
 O Level 27 Bows
 + Level 22.4 Armour
 + Level 10.7 Dodging
 - Level 0.5 Stealth
 - Level 16.7 Unarmed Combat
 + Level 12.6 Spellcasting
 + Level 5.8 Charms
 + Level 10.2 Translocations
 + Level 2.4 Air Magic
 * Level 18.8 Invocations


You had 37 spell levels left.
You knew the following spells:

 Your Spells              Type           Power        Failure   Level  Hunger
a - Song of Slaying       Chrm           #####...     1%          2    None
b - Swiftness             Chrm/Air       ####....     2%          2    None
c - Shroud of Golubria    Chrm/Tloc      ######....   1%          2    None
d - Portal Projectile     Tloc           ######       1%          3    None
e - Blink                 Tloc           N/A          1%          2    None
f - Repel Missiles        Chrm/Air       ####..       2%          2    None
g - Apportation           Tloc           ######....   1%          1    None


Dungeon Overview and Level Annotations

Branches:
Dungeon (15/15)            Temple (1/1) D:5            Lair (8/8) D:10
 Shoals (4/4) Lair:4        Snake (4/4) Lair:6        Slime (6/6) Lair:8
    Orc (4/4) D:11            Elf (3/3) Orc:4        Vaults (5/5) D:13
  Crypt (3/3) Vaults:3       Tomb (0/3) Crypt:3      Depths (5/5) D:15
   Hell (1/1)                 Dis (0/7) Hell            Geh (0/7) Hell
    Coc (0/7) Hell            Tar (0/7) Hell            Zot (5/5) Depths:5

Altars:
Ashenzari
Cheibriados
Dithmenos
Elyvilon
Fedhas
Gozag
Kikubaaqudgha
Makhleb
Nemelex Xobeh
Okawaru
Qazlal
Ru
Sif Muna
Trog
Vehumet
Xom
Yredelemnul
Zin
The Shining One
Beogh
Jiyva

Shops:
D:5 :   D:8 %   D:14 =   Orc:3 ?   Orc:4 !*([   Shoals:2 (([[   Snake:3 :
Vaults:2 :   Vaults:3 [   Depths:3 :

Portals:
Hell: Depths:1 Depths:2 Depths:3 Depths:4 Depths:5
Abyss: Depths:1 Depths:4
Pandemonium: Depths:3 Depths:4
Ziggurat: Depths:1

Annotations:
D:2 Ijyb
D:4 Eustachio
D:9 Blunderbuss's ghost, novice GrBe; Erica
D:14 Maud
Lair:4 exclusion: oklob plant
Lair:7 exclusion: oklob plant
Shoals:3 Louise
Shoals:4 Ilsuiw
Slime:3 Dissolution


Innate Abilities, Weirdness & Mutations

You have hooves in place of feet.
Armour fits poorly on your strangely shaped body.
You cover ground very quickly.
You have extremely tough skin (AC +3).
You are very clumsy. (Dex -4)
Your body often deteriorates upon taking damage.
You occasionally shout uncontrollably at your foes.


Message History

The acid blob resists with almost no effort. x2
The death ooze is unaffected.
The acid blob resists with almost no effort.
The azure jelly looks frightened!
The azure jelly resists with almost no effort.
The azure jelly looks frightened!
The acid blob resists with almost no effort.
The death ooze is unaffected.
The acid blob resists with almost no effort.
The death ooze is unaffected.
The acid blob resists with almost no effort. x2
Your shroud bends the death ooze's attack away!
The death ooze barely misses you. The acid blob spits acid at you.
The splash of acid is repelled.
The acid blob hits you!
* * * LOW HITPOINT WARNING * * *
You are splashed with acid!
The acid corrodes you!
The acid burns!
You resist.
* * * LOW HITPOINT WARNING * * *
The acid blob hits you!
You die...

..JJJJ.J.....###
......G........#
..J....G......#####
..............##..#
.................##
.........J....J.#.#
.............JJ...#
.........J....J..#
#..........J.JJ@.##
#...........JJJ..#
................##
.........JJ.....#
..........J....#
...........J...##
...............#
..............#
...............##


You could see 8 acid blobs, 5 azure jellies and 3 death oozes.

Vanquished Creatures
  the royal jelly (Slime:6)
  5 ancient liches
  9 orbs of fire
  Mara (Elf:3)
  3 juggernauts
  Boris (Vaults:4)
  Margery (Vaults:4)
  Norris (Elf:2)
  Saint Roka (Vaults:2)
  6 curse toes
  4 Killer Klowns (Zot:5)
  9 caustic shrikes
  Geryon (Hell)
  15 golden dragons
  Nikola (Shoals:4)
  Jory (Vaults:3)
  Xtahua (Vaults:4)
  2 bone dragons
  8 liches
  2 electric golems (Zot:5)
  The ghost of Sanvar the Spry, an adept HuGl of Elyvilon (Shoals:3)
  25 Orb Guardians (Zot:5)
  Rupert (Lair:4)
  11 titans
  27 tentacled monstrosities
  A shard shrike skeleton (Crypt:1)
  Asterion (Snake:2)
  An Executioner (Abyss:1)
  2 quicksilver dragons
  3 deep elf master archers
  8 deep elf blademasters
  7 acid blobs
  A quicksilver dragon (shapeshifter) (Vaults:1)
  A kraken (Shoals:2)
  The ghost of vonLiebermann the Peltast, an adept MiGl of Okawaru (Elf:3)
  Polyphemus (Shoals:4)
  8 death cobs
  5 tentacled starspawn (Abyss:3)
  Gastronok (Orc:2)
  An octopode crusher (Depths:3)
  A sphinx (shapeshifter) (D:13)
  Agnes (Elf:2)
  10 storm dragons
  5 sphinxes
  Kirke (Snake:2)
  19 shadow dragons
  2 azure jellies
  16 greater nagas (Snake:4)
  3 draconian monks
  6 revenants
  18 frost giants
  Wiglaf (Crypt:1)
  6 tengu reavers
  22 fire giants
  Donald (Shoals:4)
  3 draconian knights
  2 iron dragons
  Aizul (Snake:3)
  12 deep elf sorcerers
  6 draconian zealots
  A draconian scorcher (Zot:5)
  2 ghouls (Crypt:2)
  4 draconian shifters
  2 ghost moths
  12 vault wardens
  An angel (Abyss:1)
  5 draconian annihilators
  A caustic shrike skeleton (Crypt:2)
  22 very ugly things
  8 war gargoyles
  23 ironheart preservers
  3 spriggan defenders
  2 salamander firebrands (Hell)
  The ghost of princess the Devastator, an adept GrWz of Sif Muna (D:15)
  2 draconian callers
  4 green draconians
  6 reapers
  The ghost of GFox the Blocker, a journeyman DsAK of Lugonu (Depths:1)
  8 deep elf demonologists
  38 stone giants
  11 vampire knights
  2 grey draconians (Depths:5)
  17 deep elf annihilators
  4 black draconians
  2 salamander stormcallers
  4 eidola
  6 yellow draconians
  11 white draconians
  6 mottled draconians
  2 blizzard demons
  6 red draconians
  9 purple draconians
  The ghost of kirsanium the Unseen, a journeyman VSAs of Zin (Lair:8)
  Snorg (Lair:7)
  8 merfolk javelineers
  8 jiangshi
  11 deep elf death magi
  15 ettins
  8 crystal guardians
  A kraken zombie (Hell)
  2 death oozes
  2 quicksilver dragon zombies
  12 merfolk impalers
  4 deep elf high priests
  11 great orbs of eyes
  5 entropy weavers
  22 fire dragons
  33 vault guards
  9 rakshasas
  15 naga warriors
  4 catoblepae
  10 yaktaur captains
  3 death knights
  The ghost of Gargoyl the Protected, a journeyman DsAK of Lugonu (Orc:4)
  9 hydras
  22 ice dragons
  8 spriggan air magi
  4 merfolk avatars
  An anaconda (shapeshifter) (Vaults:5)
  13 anacondas
  4 alligator snapping turtles
  3 merfolk aquamancers
  A satyr (shapeshifter) (D:15)
  19 dancing weapons
  12 centaur warriors
  A satyr (Shoals:3)
  A hell hog (Abyss:1)
  10 death yaks
  5 tengu warriors
  8 vampire magi
  11 deep troll shamans
  19 deep troll earth magi
  15 ogre magi
  9 shock serpents
  30 deep elf knights
  16 naga sharpshooters
  An iron golem (Hell)
  A fire crab (Vaults:5)
  7 sun demons
  5 spriggan berserkers
  5 thrashing horrors
  5 shadow wraiths
  3 orc high priests (Orc:4)
  The ghost of schorsch312 the Cleaver, a novice HOFi of Yredelemnul (D:6)
  3 salamander mystics
  2 wretched stars (Abyss:3)
  13 large abominations
  4 soul eaters
  29 hell knights
  A storm dragon zombie (Crypt:3)
  15 iron trolls
  8 giant orange brains
  4 ice devils
  13 sea snakes
  A spatial maelstrom (Abyss:3)
  39 skeletal warriors
  2 anaconda zombies (Hell)
  13 naga ritualists
  56 deep trolls
  6 unseen horrors
  17 harpies
  9 phantasmal warriors
  6 flayed ghosts
  An anubis guard (shapeshifter) (Vaults:5)
  17 ironbrand convokers
  13 deep elf summoners
  2 unseen horrors (shapeshifter)
  2 swamp dragons (shapeshifter)
  11 necromancers
  2 anaconda skeletons
  A wolf spider zombie (Crypt:3)
  3 hill giants
  13 orc knights
  3 wizards
  A shadow dragon skeleton (Crypt:1)
  An iron dragon zombie (Hell)
  19 griffons
  14 salamanders
  7 orc sorcerers
  7 wolf spiders
  14 manticores
  34 deep elf conjurers
  A cyclops (shapeshifter) (Depths:2)
  7 cyclopes
  A tengu skeleton (Depths:4)
  A faun (Shoals:2)
  11 oklob plants (Zot:4)
  A stone giant zombie (Hell)
  7 water nymphs
  57 ugly things
  2 hornets
  29 moths of wrath
  17 mana vipers
  33 naga magi
  28 elephants
  A black mamba (shapeshifter) (Depths:4)
  An apocalypse crab (Abyss:1)
  2 molten gargoyles (Lair:4)
  9 shining eyes
  A sixfirhy (Abyss:1)
  A spriggan zombie (Depths:4)
  2 storm dragon simulacra
  8 sirens
  4 rust devils
  A stone giant skeleton (Crypt:3)
  4 smoke demons
  2 centaur zombies
  A dire elephant zombie (Hell)
  A shock serpent skeleton (Crypt:1)
  49 black mambas
  A gargoyle (D:14)
  12 vault sentinels
  2 eyes of devastation
  4 centaur skeletons
  16 guardian serpents
  A torpor snail (Lair:5)
  3 kobold demonologists (Vaults:2)
  10 spiny frogs
  A catoblepas zombie (Crypt:3)
  A hellwing (Abyss:1)
  An efreet (Abyss:1)
  47 yaktaurs
  4 fire drakes
  12 komodo dragons
  A red devil (Hell)
  A blue devil (Hell)
  A jumping spider (Depths:2)
  3 polar bears
  3 ancient zymes
  A silent spectre (Abyss:1)
  13 freezing wraiths
  25 two-headed ogres
  18 deep elf priests
  A hydra zombie (Hell)
  3 tengu conjurers
  26 merfolk
  A troll (shapeshifter) (Vaults:4)
  A minotaur zombie (Crypt:2)
  A jumping spider (shapeshifter) (Depths:2)
  A two-headed ogre (shapeshifter) (Depths:5)
  A wolf spider simulacrum (D:15)
  A wind drake (shapeshifter) (Depths:3)
  A raiju (shapeshifter) (Depths:2)
  A blink frog (shapeshifter) (Vaults:4)
  A hydra skeleton (Hell)
  9 trolls
  4 snapping turtles
  A sphinx simulacrum (Depths:4)
  3 fire dragon zombies (Crypt:3)
  5 boulder beetles
  36 flying skulls
  A tarantella zombie (Crypt:2)
  2 wind drakes
  8 raiju
  2 hornet zombies
  3 alligator zombies
  28 blink frogs
  13 redbacks
  64 slime creatures
  A trapdoor spider (D:15)
  9 water elementals
  6 wraiths
  5 tarantellas
  8 air elementals (Depths:4)
  5 starcursed masses
  6 spriggans
  An ice dragon skeleton (Crypt:3)
  4 ynoxinuls
  8 basilisks
  46 deep elf fighters
  A trapdoor spider (shapeshifter) (Vaults:2)
  7 wyverns
  17 hippogriffs
  A vampire (Crypt:2)
  50 yaks
  2 shadows
  30 deep elf magi
  5 golden eyes
  4 neqoxecs
  5 hogs
  15 vampire mosquitoes
  A black mamba skeleton (Crypt:3)
  6 mottled dragons
  4 chaos spawn (Depths:4)
  6 hungry ghosts
  11 wolves
  5 fire elementals (Hell)
  A gelid demonspawn zombie (Crypt:1)
  13 water moccasins
  6 wargs
  2 hydra simulacra (Hell)
  58 nagas
  Duvessa (D:7)
  3 black bears
  35 orc warriors
  2 ice beasts
  A snapping turtle zombie (Crypt:1)
  5 wasps
  10 porcupines
  A spider (shapeshifter) (Depths:3)
  3 hell hounds (Abyss:1)
  An ettin simulacrum (Vaults:1)
  A manticore zombie (Crypt:3)
  3 sky beasts
  2 swamp dragon zombies (Crypt:2)
  A manticore skeleton (Crypt:2)
  6 phantoms
  12 boggarts
  4 eyes of draining
  5 necrophages
  66 ogres
  4 centaurs
  A brain worm (Abyss:1)
  15 crocodiles
  Blork the orc (D:6)
  A giant frog (shapeshifter) (Depths:3)
  26 giant frogs
  A cyclops zombie (Crypt:2)
  A glowing shapeshifter simulacrum (Vaults:4)
  A komodo dragon skeleton (Crypt:2)
  A yaktaur skeleton (Crypt:2)
  A gnoll sergeant (D:10)
  2 wyvern skeletons (D:10)
  3 water moccasin zombies (Ossuary)
  Dowan (D:7)
  7 killer bees (D:8)
  A water moccasin skeleton (Crypt:1)
  6 scorpions
  9 wights
  A troll zombie (Hell)
  3 electric eels
  10 crimson imps
  40 orc priests
  2 quasits (Abyss:1)
  A human zombie (D:8)
  2 iron imps
  A giant frog zombie (D:5)
  A jelly (shapeshifter) (Depths:3)
  3 giant frog skeletons
  7 hounds
  20 jellies
  42 orc wizards
  8 iguanas
  Terence (D:3)
  2 human skeletons (D:8)
  Natasha (thrice) (D:3)
  3 hell rats (Depths:1)
  2 killer bee zombies
  33 sheep
  5 worker ants
  3 big kobold zombies (Ossuary)
  13 small abominations
  2 ogre zombies
  A hound zombie (D:7)
  A hound skeleton (Crypt:1)
  2 mummies (Ossuary)
  18 adders
  17 gnolls
  92 river rats
  5 worker ant zombies
  A giant eyeball (shapeshifter) (Vaults:5)
  9 shadow imps
  2 ufetubi (Abyss:1)
  3 oozes
  A giant eyeball (Depths:1)
  4 adder zombies (Ossuary)
  2 worms
  215 orcs
  2 ball pythons
  12 bats
  6 giant cockroaches
  10 hobgoblins
  13 jackals
  8 kobolds
  4 quokkas
  A ball python skeleton (Crypt:1)
  7 giant geckos
  5 giant newts
  5 gnoll zombies (Ossuary)
  13 goblins
  7 hobgoblin zombies (Ossuary)
  A jackal skeleton (D:6)
  4 kobold zombies (Ossuary)
  An orc skeleton (D:8)
  5 orc zombies
  9 rats
  4 crawling corpses
  2 fire vortices
  2 fungi
  A lurking horror (Abyss:1)
  11 plants
  6 starspawn tentacles (Abyss:3)
  A starspawn tentacle segment (Abyss:3)
  3 tentacles (Hell)
3381 creatures vanquished.

Vanquished Creatures (collateral kills)
  An acid blob (Slime:6)
  A draconian shifter (Zot:3)
2 creatures vanquished.

Vanquished Creatures (others)
  Fannar (D:11)
  A deep elf knight (Elf:1)
  A spatial maelstrom (Depths:1)
  A griffon (Vaults:3)
  A water elemental (Depths:3)
  The ghost of Venard the Covert, an amateur SpAs (Ossuary)
  A warg (Vaults:2)
  A hell rat (Depths:1)
  2 ufetubi
  22 bushes
  A fire vortex (Vaults:5)
  23 fungi
  5 lost souls
  22 plants
  37 starspawn tentacles
  276 starspawn tentacle segments
  39 tentacles
  1361 tentacle segments
1796 creatures vanquished.

Grand Total: 5179 creatures vanquished

Notes
Turn   | Place    | Note
--------------------------------------------------------------
     0 | D:1      | Sinop the Centaur Hunter began the quest for the Orb.
     0 | D:1      | Reached XP level 1. HP: 17/17 MP: 1/1
   153 | D:1      | Reached XP level 2. HP: 9/24 MP: 2/2
   447 | D:1      | Reached skill level 6 in Bows
   946 | D:2      | Found a blossoming altar of Fedhas.
   999 | D:2      | Reached XP level 3. HP: 22/29 MP: 3/3
  1313 | D:2      | Found an iron altar of Okawaru.
  1362 | D:2      | Noticed Ijyb
  1602 | D:3      | Found an opulent altar of Gozag.
  3133 | D:3      | Noticed Natasha
  3157 | D:3      | Reached XP level 4. HP: 35/37 MP: 4/4
  3164 | D:3      | Killed Natasha
  3164 | D:3      | Reached skill level 1 in Armour
  3292 | D:3      | Reached skill level 7 in Bows
  3468 | D:3      | Found a faded altar to an unknown god.
  3469 | D:3      | Noticed Natasha
  3988 | D:3      | Noticed Terence
  4006 | D:3      | Killed Terence
  4006 | D:3      | Reached XP level 5. HP: 42/42 MP: 5/5
  4146 | D:3      | Reached skill level 1 in Unarmed Combat
  4487 | D:3      | Killed Natasha
  4667 | D:3      | Noticed Natasha
  4672 | D:3      | Killed Natasha
  5019 | D:4      | Reached XP level 6. HP: 36/51 MP: 6/6
  5168 | D:4      | Reached skill level 8 in Bows
  5760 | D:4      | Noticed a phantom
  5875 | D:4      | Found a bloodstained altar of Trog.
  5876 | D:4      | Found a radiant altar of Vehumet.
  5924 | D:4      | Killed a phantom
  6154 | D:4      | Noticed Eustachio
  6279 | D:5      | Entered Level 5 of the Dungeon
  6335 | D:5      | Found Couteol's Book Boutique.
  6358 | D:5      | Found a staircase to the Ecumenical Temple.
  6427 | Temple   | Entered the Ecumenical Temple
  6439 | Temple   | Became a worshipper of Warmaster Okawaru
  6781 | D:5      | Reached XP level 7. HP: 43/57 MP: 7/7
  7058 | D:5      | Reached skill level 9 in Bows
  8010 | D:6      | Reached * piety under Okawaru
  8069 | D:6      | Noticed Blork the orc
  8082 | D:6      | Killed Blork the orc
  8082 | D:6      | Reached skill level 10 in Bows
  8228 | D:6      | Reached XP level 8. HP: 66/66 MP: 8/8
  8329 | D:6      | Reached skill level 11 in Bows
  8360 | D:6      | Noticed schorsch312's ghost (novice HOFi)
  9044 | D:7      | Noticed Duvessa
  9044 | D:7      | Noticed Dowan
  9079 | D:7      | Killed Dowan
  9211 | D:6      | Reached skill level 12 in Bows
  9374 | D:7      | Killed Duvessa
  9408 | D:7      | Reached ** piety under Okawaru
  9901 | D:7      | Found a white marble altar of Elyvilon.
 10278 | D:7      | Reached XP level 9. HP: 68/71 MP: 9/9
 10406 | D:8      | Found Meastrurgh's Food Shoppe.
 10505 | D:8      | Found a sand-covered staircase.
 10548 | Ossuary  | Entered an ossuary
 10695 | Ossuary  | Killed Venard's ghost
 10823 | Ossuary  | Reached skill level 13 in Bows
 10943 | Ossuary  | Reached *** piety under Okawaru
 11804 | D:9      | Noticed a centaur skeleton
 11824 | D:9      | Killed a centaur skeleton
 11911 | D:9      | Reached **** piety under Okawaru
 11922 | D:9      | Reached skill level 14 in Bows
 11964 | D:9      | Noticed Blunderbuss's ghost (novice GrBe)
 12383 | D:9      | Found an iron altar of Okawaru.
 12416 | D:9      | Noticed Erica
 12802 | D:9      | Received a gift from Okawaru
 12802 | D:9      | Reached XP level 10. HP: 64/80 MP: 10/10
 12948 | D:9      | Reached skill level 5 in Fighting
 13146 | D:9      | Reached ***** piety under Okawaru
 13602 | D:10     | Entered Level 10 of the Dungeon
 13626 | D:10     | Reached skill level 15 in Bows
 13646 | D:9      | Received a gift from Okawaru
 14270 | D:9      | Received a gift from Okawaru
 14443 | D:10     | Reached skill level 5 in Unarmed Combat
 14465 | D:10     | Reached skill level 5 in Armour
 14497 | D:10     | Found a staircase to the Lair.
 14857 | D:10     | Noticed a hill giant
 14866 | D:10     | Killed a hill giant
 14866 | D:10     | Reached skill level 16 in Bows
 15341 | D:10     | Received a gift from Okawaru
 15342 | D:10     | Got a steaming centaur barding {god gift}
 15353 | D:10     | Identified the +4 centaur barding of Jasierho {Dex+4 SInv} (Okawaru gifted it to you on level 10 of the Dungeon)
 15810 | D:10     | Reached XP level 11. HP: 68/88 MP: 11/11
 16011 | D:10     | Noticed a tengu warrior
 16087 | D:10     | Killed a tengu warrior
 16087 | D:10     | Reached skill level 17 in Bows
 16148 | Lair:1   | Entered Level 1 of the Lair of Beasts
 18081 | Lair:1   | Noticed an eight-headed hydra
 18088 | Lair:1   | Killed an eight-headed hydra
 19119 | Lair:2   | Received a gift from Okawaru
 19525 | Lair:1   | Reached ****** piety under Okawaru
 19592 | Lair:2   | Received a gift from Okawaru
 19611 | Lair:2   | Got a brightly glowing triple sword {god gift}
 19612 | Lair:2   | Identified the +10 triple sword "Qongibylo" {drain, rElec rF++ Str+3} (Okawaru gifted it to you on level 2 of the Lair of Beasts)
 19763 | Lair:2   | Reached skill level 18 in Bows
 20793 | Lair:3   | Received a gift from Okawaru
 20794 | Lair:3   | Got a pair of faintly humming gloves {god gift}
 20882 | Lair:2   | Identified the +2 pair of gloves of Happiness {Str+3 Int+4} (Okawaru gifted it to you on level 3 of the Lair of Beasts)
 21113 | Lair:3   | Reached XP level 12. HP: 90/97 MP: 12/12
 21223 | Lair:2   | Reached skill level 19 in Bows
 22519 | Lair:3   | Got a jewelled plate armour
 22547 | Lair:2   | Identified the +2 plate armour of Hadjma {+Inv Str+3} (You found it on level 3 of the Lair of Beasts)
 23396 | Lair:4   | Noticed a four-headed hydra
 23410 | Lair:4   | Killed a four-headed hydra
 23410 | Lair:4   | Reached skill level 20 in Bows
 23521 | Lair:4   | Found a dark tunnel.
 23530 | Volcano  | Entered a volcano
 23650 | Lair:4   | Received a gift from Okawaru
 24442 | Lair:4   | Noticed Rupert
 24457 | Lair:4   | Paralysed by Rupert for 6 turns
 24722 | Lair:4   | Received a gift from Okawaru
 24723 | Lair:4   | Got an iridescent longbow {god gift}
 24741 | Lair:4   | Identified the +9 longbow of Okawaru's Whim {freeze, rC- rN++ MP+9 Str+2} (Okawaru gifted it to you on level 4 of the Lair of Beasts)
 24976 | Lair:4   | Paralysed by Rupert for 2 turns
 24994 | Lair:4   | Killed Rupert
 24994 | Lair:4   | Reached XP level 13. HP: 100/105 MP: 7/13
 25070 | Lair:4   | Found a staircase to the Shoals.
 25091 | Lair:4   | Received a gift from Okawaru
 25655 | Lair:4   | Noticed a seven-headed hydra
 25661 | Lair:4   | Killed a seven-headed hydra
 25848 | Lair:5   | Reached skill level 21 in Bows
 26100 | Lair:5   | Got a transparent plate armour
 26111 | Lair:5   | Identified the +4 plate armour "Qeudieg" {rC+ MR+} (You found it on level 5 of the Lair of Beasts)
 26209 | Lair:4   | Reached skill level 1 in Invocations
 27728 | Lair:5   | Got a twisted scale mail
 27739 | Lair:5   | Identified the cursed +1 scale mail of Divine Intervention {-Cast Str+7 SInv} (You found it on level 5 of the Lair of Beasts)
 28039 | Lair:6   | Received a gift from Okawaru
 28125 | Lair:6   | Found a staircase to the Snake Pit.
 28732 | Lair:6   | Reached skill level 22 in Bows
 29302 | Lair:7   | Noticed Snorg
 29504 | Lair:7   | Killed Snorg
 29652 | Lair:6   | Reached XP level 14. HP: 96/116 MP: 14/14
 30632 | Lair:8   | Entered Level 8 of the Lair of Beasts
 30792 | Lair:8   | Received a gift from Okawaru
 30847 | Lair:8   | Noticed kirsanium's ghost (journeyman VSAs)
 30932 | Lair:8   | Killed kirsanium's ghost
 30932 | Lair:8   | Received a gift from Okawaru
 31867 | Lair:8   | Received a gift from Okawaru
 31972 | Lair:8   | Reached skill level 23 in Bows
 32036 | Lair:8   | Received a gift from Okawaru
 32504 | Lair:8   | Found a viscous altar of Jiyva.
 32504 | Lair:8   | Found a staircase to the Slime Pits.
 32923 | Lair:8   | Received a gift from Okawaru
 33416 | D:11     | Noticed Fannar
 33446 | D:11     | Killed Fannar
 33677 | D:11     | Found a staircase to the Orcish Mines.
 34579 | Orc:1    | Entered Level 1 of the Orcish Mines
 35339 | Orc:2    | Noticed Gastronok
 35531 | Orc:2    | Killed Gastronok
 35531 | Orc:2    | Received a gift from Okawaru
 35531 | Orc:2    | Reached skill level 10 in Unarmed Combat
 36454 | Orc:3    | Found a roughly hewn altar of Beogh.
 36494 | Orc:3    | Found Azaon's Magic Scroll Emporium.
 36768 | Orc:3    | Bought a scroll of silence for 112 gold pieces
 36986 | Orc:3    | Received a gift from Okawaru
 37510 | Orc:4    | Entered Level 4 of the Orcish Mines
 37514 | Orc:4    | Found a staircase to the Elven Halls.
 37881 | Orc:4    | Noticed Gargoyl's ghost (journeyman DsAK)
 37910 | Orc:4    | Killed Gargoyl's ghost
 37910 | Orc:4    | Received a gift from Okawaru
 37927 | Orc:4    | Found a shimmering altar of Xom.
 38339 | Orc:4    | Reached XP level 15. HP: 98/124 MP: 15/15
 38557 | Orc:4    | Received a gift from Okawaru
 38571 | Orc:4    | Found Lusiunla's Assorted Antiques.
 38571 | Orc:4    | Found Miuttywn's Distillery.
 38587 | Orc:4    | Found Guqeebru's Armour Boutique.
 38591 | Orc:4    | Found Hiadoo's Antique Weapon Boutique.
 39018 | D:12     | Reached skill level 24 in Bows
 39534 | D:12     | Received a gift from Okawaru
 40271 | D:13     | Received a gift from Okawaru
 40272 | D:13     | Got a transparent longbow {god gift}
 40385 | D:13     | Noticed a golden dragon
 40385 | D:13     | an iron troll changed into a golden dragon
 40418 | D:13     | Noticed a shadow dragon
 40432 | D:13     | Noticed a sphinx
 40432 | D:13     | a frost giant changed into a sphinx
 40436 | D:13     | Killed a sphinx
 40545 | D:10     | Identified the +7 longbow of the Equator {freeze, MP+9 Str+9 Int-2} (Okawaru gifted it to you on level 13 of the Dungeon)
 40762 | D:13     | Found a gate to the Vaults.
 41290 | D:14     | Found Zeled's Jewellery Boutique.
 41306 | D:14     | Bought the ring "Humnaedi" {rC+ Int+4} for 404 gold pieces
 41811 | D:14     | Noticed Maud
 41850 | D:15     | Entered Level 15 of the Dungeon
 41920 | D:15     | Received a gift from Okawaru
 41927 | D:15     | Noticed princess's ghost (adept GrWz)
 42338 | D:14     | Received a gift from Okawaru
 42515 | D:15     | Killed princess's ghost
 42515 | D:15     | Received a gift from Okawaru
 43068 | D:15     | Reached skill level 25 in Bows
 43361 | D:15     | Found a staircase to the Depths.
 44133 | Shoals:1 | Entered Level 1 of the Shoals
 44273 | Shoals:1 | Reached skill level 10 in Fighting
 44339 | Shoals:1 | Received a gift from Okawaru
 44568 | Shoals:1 | Reached XP level 16. HP: 134/134 MP: 18/18
 45302 | Shoals:2 | Found Deojytz's Antique Armour Shop.
 45349 | Shoals:2 | Bought the +2 hat of the Bear Spirit {Spirit, +Rage rN+ MR++} for 703 gold pieces
 45361 | Shoals:2 | Found Lyraewnaf's Antique Armour Emporium.
 45562 | Shoals:2 | Found Poklax Isou's Antique Weapon Shop.
 45640 | Shoals:2 | Found Kelou's Antique Weapon Boutique.
 45770 | Shoals:2 | Received a gift from Okawaru
 45960 | Shoals:3 | Noticed Louise
 46056 | Shoals:3 | Received a gift from Okawaru
 46686 | Snake:1  | Entered Level 1 of the Snake Pit
 47029 | Orc:4    | Bought the +2 cloak of Zeadwask {+Fly rPois rCorr Dex-4} for 350 gold pieces
 47106 | Orc:2    | Reached skill level 26 in Bows
 47983 | Lair:6   | Received a gift from Okawaru
 48351 | Snake:1  | Received a gift from Okawaru
 48353 | Snake:1  | Got a transparent centaur barding {god gift}
 48364 | Snake:1  | Identified the +2 centaur barding of Powyad {Dex+4} (Okawaru gifted it to you on level 1 of the Snake Pit)
 49027 | Snake:2  | Noticed Kirke
 49235 | Snake:2  | Killed Kirke
 49775 | Snake:2  | Noticed Asterion
 49797 | Snake:2  | Killed Asterion
 50125 | Snake:2  | Received a gift from Okawaru
 50270 | Snake:2  | Reached skill level 27 in Bows
 50499 | Snake:3  | Received a gift from Okawaru
 50530 | Snake:4  | Entered Level 4 of the Snake Pit
 50570 | Snake:4  | Reached XP level 17. HP: 82/141 MP: 19/19
 50652 | Snake:4  | Reached skill level 10 in Armour
 51776 | Snake:4  | Received a gift from Okawaru
 51927 | Snake:4  | Received a gift from Okawaru
 52108 | Snake:4  | Received a gift from Okawaru
 52292 | Snake:4  | Received a gift from Okawaru
 52364 | Snake:4  | Received a gift from Okawaru
 52581 | Snake:4  | Reached skill level 5 in Invocations
 53405 | Snake:4  | Received a gift from Okawaru
 53561 | Snake:4  | Reached XP level 18. HP: 152/152 MP: 22/22
 53871 | Snake:4  | Got a serpentine rune of Zot
 54372 | Snake:3  | Noticed Aizul
 54732 | Snake:3  | Received a gift from Okawaru
 54967 | Snake:3  | Got a bloodstained centaur barding {god gift}
 54978 | Snake:3  | Identified the +5 centaur barding of the Invisible Hand {rPois Int+2} (Okawaru gifted it to you on level 3 of the Snake Pit)
 55096 | Snake:3  | Got a pair of translucent gloves {god gift}
 55120 | Snake:3  | Identified the +1 pair of gloves of Imavue {MP+9 Int+4} (Okawaru gifted it to you on level 3 of the Snake Pit)
 55134 | Snake:3  | Identified a scroll of acquirement
 56066 | Snake:3  | Killed Aizul
 56228 | Snake:3  | Found Ufe Vischid's Book Shop.
 56236 | Snake:3  | Bought a book of Burglary for 825 gold pieces
 56236 | Snake:3  | Bought a book of Enchantments for 550 gold pieces
 57338 | Shoals:2 | Received a gift from Okawaru
 57500 | Shoals:3 | Noticed Sanvar's ghost (adept HuGl)
 58136 | Shoals:3 | Killed Sanvar's ghost
 58136 | Shoals:3 | Received a gift from Okawaru
 58643 | Shoals:4 | Entered Level 4 of the Shoals
 59158 | Shoals:4 | Noticed Nikola
 59179 | Shoals:4 | Killed Nikola
 59409 | Shoals:4 | Reached XP level 19. HP: 135/162 MP: 25/25
 59444 | Shoals:4 | Noticed Ilsuiw
 59833 | Shoals:4 | Got a barnacled rune of Zot
 59929 | Shoals:4 | Received a gift from Okawaru
 59943 | Shoals:4 | Noticed Polyphemus
 59952 | Shoals:4 | Killed Polyphemus
 60054 | Shoals:4 | Received a gift from Okawaru
 60651 | Shoals:4 | Noticed Donald
 60661 | Shoals:4 | Killed Donald
 60908 | Shoals:4 | Received a gift from Okawaru
 61496 | Elf:1    | Entered Level 1 of the Elven Halls
 61853 | Elf:1    | Received a gift from Okawaru
 62009 | Elf:1    | Found an ancient bone altar of Kikubaaqudgha.
 62074 | Elf:1    | Reached skill level 10 in Invocations
 62084 | Elf:1    | Received a gift from Okawaru
 62339 | Elf:1    | Found a deep blue altar of Sif Muna.
 63333 | Elf:2    | Noticed Norris
 63346 | Elf:2    | Killed Norris
 63412 | Elf:2    | Found a huge runed gate.
 63412 | Elf:2    | Found a huge runed gate.
 63413 | Elf:2    | Found a huge runed gate.
 63712 | Elf:2    | Noticed Agnes
 63741 | Elf:2    | Killed Agnes
 64878 | Elf:1    | Reached XP level 20. HP: 173/173 MP: 27/27
 65066 | Vaults:1 | Entered Level 1 of the Vaults
 65193 | Vaults:1 | Received a gift from Okawaru
 65194 | Vaults:1 | Got an encrusted longbow {god gift}
 65195 | Vaults:1 | Identified the +1 longbow of the Priest {freeze, MP+9 Int+4} (Okawaru gifted it to you on level 1 of the Vaults)
 66817 | Vaults:2 | Received a gift from Okawaru
 66886 | Vaults:2 | Reached skill level 15 in Unarmed Combat
 67045 | Vaults:2 | Received a gift from Okawaru
 67413 | Vaults:2 | Identified the Reference Book on Changing and Venom (You found it on level 2 of the Vaults)
 67597 | Vaults:2 | Noticed Saint Roka
 68471 | Vaults:2 | Received a gift from Okawaru
 68682 | Vaults:2 | Received a gift from Okawaru
 69224 | Vaults:2 | Killed Saint Roka
 69342 | Vaults:2 | Reached skill level 15 in Fighting
 69479 | Vaults:2 | Found Xigoene's Book Emporium.
 69497 | Vaults:2 | Bought a book of Minor Magic for 400 gold pieces
 69540 | Vaults:2 | Received a gift from Okawaru
 69924 | Vaults:3 | Noticed Jory
 69971 | Vaults:3 | Got a shimmering cloak
 69982 | Vaults:3 | Identified the +0 cloak of Katifara {MR+} (You found it on level 3 of the Vaults)
 70047 | Vaults:3 | Found Mebi's Armour Shop.
 70307 | Vaults:3 | Reached XP level 21. HP: 171/184 MP: 29/29
 70357 | Vaults:3 | Reached skill level 15 in Armour
 70388 | Vaults:3 | Received a gift from Okawaru
 70594 | Vaults:3 | Received a gift from Okawaru
 71008 | Vaults:3 | Got a brightly glowing ring mail
 71009 | Vaults:3 | Identified the +3 ring mail of Distant Worlds {Int+4} (You found it on level 3 of the Vaults)
 71142 | Vaults:3 | Killed Jory
 71196 | Vaults:3 | Found a staircase to the Crypt.
 71955 | Vaults:4 | Noticed Margery
 72374 | Vaults:4 | Received a gift from Okawaru
 72803 | Vaults:4 | Noticed Xtahua
 73112 | Vaults:4 | Noticed Boris
 73815 | Elf:3    | Entered Level 3 of the Elven Halls
 73999 | Elf:3    | Noticed vonLiebermann's ghost (adept MiGl)
 74052 | Elf:3    | Killed vonLiebermann's ghost
 75383 | Elf:3    | Noticed Mara
 75691 | Elf:3    | Noticed Sinop's illusion
 75723 | Elf:3    | Noticed Sinop's illusion
 75959 | Elf:3    | Noticed Sinop's illusion
 76015 | Elf:3    | Noticed Sinop's illusion
 76015 | Elf:3    | Killed Mara
 76105 | Elf:3    | Got a bound wooden ring
 76111 | Elf:3    | Identified the ring "Jeumur" {+/*Tele rC- MP+9 Int+3 Dex+2} (You took it off a deep elf death mage on level 3 of the Elven Halls)
 76426 | Elf:3    | Received a gift from Okawaru
 76681 | Elf:3    | Received a gift from Okawaru
 76681 | Elf:3    | Reached XP level 22. HP: 142/195 MP: 31/31
 77256 | Elf:3    | Got a faintly glowing steel ring
 77257 | Elf:3    | Identified the ring "Kuppiotu" {SustAt Int+7} (You took it off a deep elf sorcerer on level 3 of the Elven Halls)
 78246 | Elf:3    | Got an ancient golden ring
 78289 | Elf:3    | Received a gift from Okawaru
 78535 | Elf:3    | Identified the ring of Jumel {Wiz Dex+3} (You took it off a deep elf annihilator on level 3 of the Elven Halls)
 78808 | Elf:3    | Got a clouded platinum ring
 78809 | Elf:3    | Identified the ring "Qoffax" {+/*Tele Str+4} (You took it off a deep elf high priest on level 3 of the Elven Halls)
 79101 | Elf:3    | Identified the Compendium of Flight (You found it on level 3 of the Elven Halls)
 79918 | Vaults:4 | Received a gift from Okawaru
 80056 | Vaults:4 | Got a steaming plate armour
 80057 | Vaults:4 | Identified the +1 plate armour of Nethiz {rPois rF+} (You found it on level 4 of the Vaults)
 81039 | Vaults:4 | Received a gift from Okawaru
 81795 | Vaults:4 | Killed Margery
 81795 | Vaults:4 | Received a gift from Okawaru
 82685 | Vaults:4 | Killed Boris
 82685 | Vaults:4 | Received a gift from Okawaru
 83563 | Vaults:4 | Killed Xtahua
 84220 | Vaults:5 | Entered Level 5 of the Vaults
 84268 | Vaults:5 | Received a gift from Okawaru
 84436 | Vaults:5 | Reached XP level 23. HP: 195/204 MP: 32/32
 85108 | Vaults:5 | Received a gift from Okawaru
 85109 | Vaults:5 | Got a pitted longbow {god gift}
 85110 | Vaults:5 | Identified the +7 longbow of Capital Punishment {flame, SInv} (Okawaru gifted it to you on level 5 of the Vaults)
 85178 | Vaults:5 | Noticed an ancient lich
 85273 | Vaults:5 | Received a gift from Okawaru
 85919 | Vaults:5 | Received a gift from Okawaru
 86138 | Vaults:5 | Received a gift from Okawaru
 87140 | Vaults:5 | Got a silver rune of Zot
 87353 | Vaults:5 | Received a gift from Okawaru
 87593 | Vaults:5 | Killed an ancient lich
 87593 | Vaults:5 | Received a gift from Okawaru
 88788 | Depths:1 | Entered Level 1 of the Depths
 88849 | Depths:1 | Reached XP level 24. HP: 214/214 MP: 32/32
 89085 | Depths:1 | Found a one-way gate to the infinite horrors of the Abyss.
 89134 | Depths:1 | Found a gateway to Hell.
 89134 | Depths:1 | Found a large runed door.
 89138 | Depths:1 | Found a large runed door.
 89211 | Depths:1 | Received a gift from Okawaru
 89247 | Depths:1 | Found a gateway to a ziggurat.
 89247 | Depths:1 | Paralysed by a giant eyeball for 4 turns
 89646 | D:14     | Bought an uncursed amulet of resist mutation for 400 gold pieces
 89771 | Depths:1 | Noticed GFox's ghost (journeyman DsAK)
 89811 | Depths:1 | Paralysed by a giant eyeball for 4 turns
 89872 | Depths:1 | Paralysed by a giant eyeball for 3 turns
 89996 | Depths:1 | Reached skill level 1 in Spellcasting
 90281 | Depths:1 | Paralysed by a giant eyeball for 4 turns
 90293 | Depths:1 | Paralysed by a giant eyeball for 3 turns
 90306 | Depths:1 | Paralysed by a giant eyeball for 4 turns
 90314 | Depths:1 | Paralysed by a giant eyeball for 4 turns
 90460 | Depths:1 | Killed GFox's ghost
 90638 | Depths:2 | Received a gift from Okawaru
 91242 | Depths:2 | Received a gift from Okawaru
 91244 | Depths:2 | Got an encrusted centaur barding {god gift}
 91255 | Depths:2 | Identified the +2 centaur barding of Wrong Decisions {MR+ Regen+} (Okawaru gifted it to you on level 2 of the Depths)
 91918 | Depths:2 | Found a runed door.
 92208 | Depths:2 | Noticed a juggernaut
 92794 | Depths:1 | Killed a juggernaut
 93741 | Depths:2 | Received a gift from Okawaru
 94050 | Depths:2 | Received a gift from Okawaru
 94052 | Depths:2 | Got a pair of polished gloves {god gift}
 94063 | Depths:2 | Identified the +2 pair of gloves of the Zebra {rPois rF+ Str+4} (Okawaru gifted it to you on level 2 of the Depths)
 94476 | Depths:3 | Reached XP level 25. HP: 219/225 MP: 32/32
 94741 | Depths:3 | Reached skill level 5 in Spellcasting
 94849 | Depths:3 | Found Xourobig's One-of-a-Kind Books.
 94852 | Depths:3 | Got a scorched ivory ring
 94854 | Depths:3 | Identified the ring "Juenong" {+Fly Int+3} (You took it off a necromancer on level 3 of the Depths)
 95286 | Depths:3 | Noticed a juggernaut
 95296 | Depths:3 | Killed a juggernaut
 95442 | Depths:3 | Noticed a juggernaut
 95825 | Depths:3 | Received a gift from Okawaru
 95985 | Depths:3 | Identified the Incunabulum of Conjuration and Lightness (You found it on level 3 of the Depths)
 96224 | Depths:2 | Killed a juggernaut
 96645 | Depths:3 | Found a one-way gate leading to the halls of Pandemonium.
 97389 | Depths:4 | Received a gift from Okawaru
 97537 | Depths:4 | Learned a level 2 spell: Song of Slaying
 97540 | Depths:4 | Learned a level 2 spell: Swiftness
 97543 | Depths:4 | Learned a level 2 spell: Shroud of Golubria
 97547 | Depths:4 | Learned a level 3 spell: Regeneration
 97773 | Depths:4 | Noticed an ancient lich
 98450 | Depths:4 | Killed an ancient lich
 98492 | Depths:4 | Received a gift from Okawaru
 98587 | Depths:4 | Reached XP level 26. HP: 210/240 MP: 29/33
 98613 | Depths:4 | Received a gift from Okawaru
 98924 | Depths:5 | Entered Level 5 of the Depths
 98971 | Depths:4 | Got a heavily runed amber ring
 98973 | Depths:4 | Identified the ring of the Dozen Wonders {MR+ Dex+3} (You acquired it on level 4 of the Depths)
 99081 | Depths:4 | Cast into the Abyss (hell knight)
 99167 | Abyss:1  | Found a bloodstained altar of Trog.
 99173 | Abyss:1  | Found a viscous altar of Jiyva.
 99425 | Depths:4 | Escaped the Abyss
100789 | Depths:3 | Received a gift from Okawaru
101637 | Depths:5 | Found a gate to the Realm of Zot.
101643 | Zot:1    | Entered Level 1 of the Realm of Zot
102144 | Depths:2 | Received a gift from Okawaru
102316 | Depths:1 | Paralysed by a giant eyeball for 3 turns
102327 | Depths:1 | Paralysed by a giant eyeball for 3 turns
102345 | Depths:1 | Paralysed by a giant eyeball for 4 turns
102361 | Depths:1 | Paralysed by a giant eyeball for 3 turns
102448 | Depths:1 | Paralysed by a giant eyeball for 2 turns
102703 | Lair:2   | Learned a level 2 spell: Blink
102706 | Lair:2   | Learned a level 2 spell: Repel Missiles
102708 | Lair:2   | Learned a level 1 spell: Apportation
102890 | Temple   | Fell from the grace of Okawaru
102890 | Temple   | Became a worshipper of the Shining One
103161 | Crypt:1  | Entered Level 1 of the Crypt
103183 | Vaults:3 | Reached * piety under the Shining One
103335 | Crypt:1  | Noticed Wiglaf
103365 | Crypt:1  | Killed Wiglaf
103409 | Crypt:1  | Reached ** piety under the Shining One
103703 | Crypt:1  | Reached *** piety under the Shining One
104465 | Crypt:1  | Reached **** piety under the Shining One
104688 | Crypt:2  | Reached ***** piety under the Shining One
105133 | Crypt:2  | Got a shimmering longbow
105134 | Crypt:2  | Identified the +2 longbow "Ycyagihuuj" {flame, MR+} (You found it on level 2 of the Crypt)
105159 | Crypt:2  | Reached ****** piety under the Shining One
105587 | Crypt:3  | Entered Level 3 of the Crypt
105630 | Crypt:2  | Reached XP level 27. HP: 242/254 MP: 36/36
105835 | Crypt:3  | Reached skill level 1 in Charms
106160 | Crypt:2  | Reached skill level 1 in Translocations
106674 | Crypt:3  | Got a pitted glass ring
106674 | Crypt:3  | Got a warped wooden ring
106678 | Crypt:3  | Identified the ring "Sefycan" {rElec rF+ rN+ Int+4} (You found it on level 3 of the Crypt)
106680 | Crypt:3  | Identified the ring "Lymaiff" {rPois rF- rN+ Int+3 Slay+2} (You found it on level 3 of the Crypt)
107829 | Crypt:3  | Found a staircase to the Tomb.
107945 | Crypt:3  | Reached skill level 1 in Air Magic
108288 | Crypt:3  | Found a basalt altar of Yredelemnul.
108288 | Crypt:3  | Noticed an ancient lich
108302 | Crypt:3  | Killed an ancient lich
109220 | Orc:3    | Bought a scroll of enchant weapon for 112 gold pieces
109374 | Temple   | Identified a +5 longbow of holy wrath (a +3 longbow of freezing blessed by the Shining One)
109374 | Temple   | Received a gift from the Shining One
109465 | D:6      | Found a sparkling altar of Nemelex Xobeh.
109565 | D:6      | Killed schorsch312's ghost
110224 | Depths:1 | Voluntarily entered the Abyss.
110410 | Depths:1 | Escaped the Abyss
110424 | Depths:1 | Voluntarily entered the Abyss.
110477 | Abyss:1  | Found a corrupted altar of Lugonu.
110812 | Abyss:3  | Found a corrupted altar of Lugonu.
111106 | Abyss:3  | Found an ancient bone altar of Kikubaaqudgha.
111432 | Abyss:3  | Paralysed by accursed screaming for 1 turns
111442 | Abyss:3  | Got an abyssal rune of Zot
111442 | Abyss:3  | Paralysed by accursed screaming for 2 turns
111652 | Abyss:3  | Gained mutation: Your body sometimes deteriorates upon taking damage. [a neqoxec]
111738 | Depths:1 | Escaped the Abyss
111790 | Depths:1 | Voluntarily entered the Abyss.
111990 | Depths:1 | Escaped the Abyss
112003 | Depths:1 | Voluntarily entered the Abyss.
112356 | Depths:1 | Escaped the Abyss
112420 | Depths:1 | Voluntarily entered the Abyss.
112597 | Abyss:1  | Found a corrupted altar of Lugonu.
112845 | Depths:1 | Escaped the Abyss
112862 | Depths:1 | Voluntarily entered the Abyss.
113216 | Depths:1 | Escaped the Abyss
113263 | Depths:1 | Was forgiven by Okawaru
113797 | Hell     | Entered the Vestibule of Hell
113797 | Hell     | Noticed Geryon
113808 | Hell     | Killed Geryon
113858 | Depths:1 | Reached skill level 5 in Dodging
114258 | Depths:1 | Reached skill level 10 in Spellcasting
114796 | Hell     | Found a gateway to the decaying netherworld of Tartarus.
115001 | Hell     | Found a gateway to the Iron City of Dis.
115010 | Hell     | Was placed under penance by the Shining One
115082 | Hell     | Found a gateway to the ashen valley of Gehenna.
115157 | Hell     | Found a gateway to the freezing wastes of Cocytus.
115288 | Depths:1 | Voluntarily entered the Abyss.
115288 | Abyss:1  | Found a corrupted altar of Lugonu.
115314 | Abyss:1  | Found a corrupted altar of Lugonu.
115419 | Depths:1 | Escaped the Abyss
116073 | Depths:1 | Voluntarily entered the Abyss.
116127 | Abyss:1  | Was forgiven by the Shining One
116138 | Depths:1 | Escaped the Abyss
116570 | Zot:1    | Reached skill level 15 in Invocations
116908 | Zot:1    | Reached skill level 5 in Translocations
117589 | Zot:2    | Noticed an orb of fire
117599 | Zot:2    | Killed an orb of fire
117679 | Zot:2    | Noticed an orb of fire
117727 | Zot:1    | Killed an orb of fire
119148 | D:5      | Bought a book of Spatial Translocations for 975 gold pieces
119152 | D:5      | Learned a level 3 spell: Portal Projectile
120657 | Zot:3    | Noticed an orb of fire
121157 | Zot:3    | Killed an orb of fire
124598 | Zot:4    | Got a shimmering helmet
124609 | Zot:4    | Identified the cursed -4 helmet of Negation {MR+ Int-4 Dex+4} (You found it on level 4 of the Realm of Zot)
125467 | Zot:5    | Entered Level 5 of the Realm of Zot
126224 | Zot:5    | Noticed an ancient lich
126228 | Zot:5    | Killed an ancient lich
126551 | Zot:5    | Noticed an orb of fire
126565 | Zot:5    | Killed an orb of fire
126631 | Zot:5    | Noticed an orb of fire
126632 | Zot:5    | Noticed an orb of fire
126634 | Zot:5    | Noticed an orb of fire
126643 | Zot:5    | Noticed an orb of fire
126955 | Zot:5    | Killed an orb of fire
127029 | Zot:5    | Noticed an orb of fire
127039 | Zot:5    | Killed an orb of fire
127039 | Zot:5    | Reached skill level 5 in Charms
127413 | Zot:5    | Killed an orb of fire
127556 | Zot:5    | Noticed an ancient lich
127561 | Zot:5    | Killed an ancient lich
127749 | Zot:5    | Gained mutation: Your body often deteriorates upon taking damage. [an orb of fire]
127760 | Zot:5    | Killed an orb of fire
128315 | Zot:5    | Reached skill level 10 in Dodging
128554 | Zot:5    | Noticed an orb of fire
128566 | Zot:5    | Killed an orb of fire
129564 | Zot:5    | Reached skill level 10 in Translocations
130479 | Slime:1  | Entered Level 1 of the Pits of Slime
130838 | Slime:1  | Gained mutation: You are clumsy. (Dex -2) [a shining eye]
130840 | Slime:1  | Gained mutation: You are very clumsy. (Dex -4) [a shining eye]
131142 | Slime:3  | Noticed Dissolution
132103 | Slime:6  | Entered Level 6 of the Pits of Slime
132603 | Slime:6  | Noticed the royal jelly
132637 | Slime:6  | Killed the royal jelly
132671 | Slime:6  | Gained mutation: You occasionally shout uncontrollably at your foes. [a shining eye]
132679 | Slime:6  | HP: 6/264 [acid blob (14)]
132679 | Slime:6  | HP: 2/264 [acid (4)]
132687 | Slime:5  | HP: 11/264 [acid (5)]
132725 | Slime:6  | HP: 11/264 [acid[the royal jelly] (8)]
132727 | Slime:6  | HP: 3/264 [acid blob[the royal jelly] (10)]
132727 | Slime:6  | HP: 1/264 [acid[the royal jelly] (2)]
132727 | Slime:6  | Mangled by an acid blob

Action                   |  1- 3 |  4- 6 |  7- 9 | 10-12 | 13-15 | 16-18 | 19-21 | 22-24 | 25-27 || total
-------------------------+-------+-------+-------+-------+-------+-------+-------+-------+-------++-------
Melee: Unarmed           |   220 |   228 |   641 |  1059 |  1329 |   509 |   430 |   218 |  2550 ||  7184
 Fire: Shortbow          |    27 |   107 |   314 |   545 |       |       |       |       |       ||   993
       Longbow           |       |       |       |    33 |   922 |  1561 |  1822 |  1834 |  2924 ||  9096
 Cast: Song of Slaying   |       |       |       |       |       |       |       |       |    14 ||    14
       Blink             |       |       |       |       |       |       |       |       |    82 ||    82
       Swiftness         |       |       |       |       |       |       |       |       |    11 ||    11
       Repel Missiles    |       |       |       |       |       |       |       |       |    12 ||    12
       Shroud of Golubri |       |       |       |       |       |       |       |       |    88 ||    88
       Apportation       |       |       |       |       |       |       |       |       |    61 ||    61
       Portal Projectile |       |       |       |       |       |       |       |       |    33 ||    33
Invok: Heroism           |       |       |     1 |     2 |     1 |     4 |       |       |       ||     8
       Finesse           |       |       |       |     1 |     5 |     9 |    15 |    17 |     8 ||    55
       Cleansing Flame   |       |       |       |       |       |       |       |       |    14 ||    14
       Summon Divine War |       |       |       |       |       |       |       |       |     7 ||     7
       Brand Weapon With |       |       |       |       |       |       |       |       |     1 ||     1
 Abil: Evoke Flight      |       |       |       |       |       |     5 |     9 |       |       ||    14
Evoke: Wand              |       |       |       |       |       |     2 |    11 |     4 |    12 ||    29
       Horn of Geryon    |       |       |       |       |       |       |       |       |     1 ||     1
  Use: Scroll            |     7 |     5 |    10 |     9 |    15 |    12 |     8 |    19 |    30 ||   115
       Potion            |       |       |       |     4 |       |     9 |     2 |     4 |    13 ||    32
 Stab: Held in net/web   |       |       |       |       |       |       |       |       |     3 ||     3
  Eat: Chunk             |     4 |     9 |    14 |    34 |    49 |    19 |    43 |    39 |    86 ||   297
       Pizza             |     1 |       |     1 |       |     2 |       |       |       |     2 ||     6
       Beef jerky        |       |       |     1 |       |       |     4 |     2 |     4 |     6 ||    17
       Fruit             |       |       |     1 |       |     1 |     1 |       |       |    27 ||    30
       Bread ration      |       |       |       |       |       |     1 |       |       |     1 ||     2
       Meat ration       |       |       |       |       |       |     2 |       |       |       ||     2
